 Dungeon Crawl Stone Soup version 0.26.1-11-gd32895ea62 (webtiles) character file.

Game seed: 7839494639307816246

640375 satrapis the Conqueror (level 27, 0/199 HPs)
             Began as a Gargoyle Berserker on May 10, 2021.
             Was the Champion of Trog.
             Killed from afar by an orb of fire (6 damage)
             ... with a fireball
             ... on level 4 of the Realm of Zot.
             The game lasted 05:04:07 (99689 turns).

satrapis the Conqueror (Gargoyle Berserker)        Turns: 99689, Time: 05:04:07

Health: 0/199      AC: 65    Str: 27    XL:     27
Magic:  18/18      EV: 15    Int:  7    God:    Trog [******]
Gold:   8078       SH: 44    Dex: 24    Spells: 26/26 levels left

rFire    + + +     SeeInvis +   Q - +13 eveningstar of the Salmon {vorpal, rF+ Int-5 Dex+4 SInv}
rCold    + . .     Faith    .   P - +11 tower shield "Kaol" {rC+ Will+ Str+4}
rNeg     + + .     Spirit   .   k - +5 crystal plate armour of Lies {SInv}
rPois    ∞         Reflect  +   D - +2 helmet
rElec    +         Harm     .   G - +0 cloak of the Comet {*Drain rN+ Dex+3}
rCorr    +         Rampage  +   R - +0 pair of gloves of the Forest {Rampage *Drain rCorr Int+3}
Will     ++++.     Rnd*Tele +   j - +2 pair of boots {rampage}
Stlth    ..........             i - amulet of Pantheism {Reflect rElec rPois Str-3 Dex+3 SH+5}
HPRegen  0.00/turn              b - ring of willpower
MPRegen  0.16/turn              e - ring of fire

@: resistant
A: big wings, blurry vision 2, clumsy 1, deterioration 1, low mp 2, negative
energy resistance 1, screaming 2, electricity resistance, inhibited
regeneration, teleportitis 1, unbreathing, petrification resistance, miasma
immunity, subdued magic 2, sturdy frame 1, AC +20
}: 3/15 runes: serpentine, barnacled, silver
a: Fly, Renounce Religion, Berserk, Trog's Hand, Brothers in Arms


You were on level 4 of the Realm of Zot.
You worshipped Trog.
Trog was exalted by your worship.
You visited 10 branches of the dungeon, and saw 50 of its levels.
You visited the Abyss 1 time.
You visited 1 bazaar.

You collected 11569 gold pieces.
You spent 3491 gold pieces at shops.

Inventory:

Hand Weapons
 a - a +9 vorpal demon whip
 Q - the +13 eveningstar of the Salmon (weapon) {vorpal, rF+ Int-5 Dex+4 SInv}
   (Trog gifted it to you on level 2 of the Shoals)

   It inflicts extra damage upon your enemies.
   It affects your intelligence (-5).
   It affects your dexterity (+4).
   It protects you from fire.
   It lets you see invisible.
Armour
 j - a +2 pair of boots of rampaging (worn)
 k - the +5 crystal plate armour of Lies (worn) {SInv}
   (You bought it in a shop on level 6 of the Dungeon)

   It lets you see invisible.
 D - a +2 helmet (worn)
 G - the +0 cloak of the Comet (worn) {*Drain rN+ Dex+3}
   (You found it on level 6 of the Dungeon)

   It affects your dexterity (+3).
   It protects you from negative energy.
   It causes draining when unequipped.
 P - the +11 tower shield "Kaol" (worn) {rC+ Will+ Str+4}
   (You took it off an orc on level 8 of the Dungeon)

   It affects your strength (+4).
   It protects you from cold.
   It affects your willpower, your defense against some magical effects.
 R - the +0 pair of gloves of the Forest (worn) {Rampage *Drain rCorr Int+3}
   (You found it on level 2 of the Elven Halls)

   It affects your intelligence (+3).
   It provides partial protection from all sources of acid and corrosion.
   It causes draining when unequipped.
   It bestows one free step when moving towards enemies.
 V - the +8 chain mail of the Sun {+Blink Str+6 Dex-2}
   (You found it on level 4 of the Shoals)

   It affects your strength (+6).
   It affects your dexterity (-2).
   It lets you blink.
Jewellery
 b - a ring of willpower (left hand)
 e - a ring of fire (right hand)
 i - the amulet of Pantheism (around neck) {Reflect rElec rPois Str-3 Dex+3 SH+5}
   (You took it off a frost giant on level 5 of the Vaults)

   [amulet of reflection]

   It shields you and reflects attacks.
   It affects your strength (-3).
   It affects your dexterity (+3).
   It insulates you from electricity.
   It protects you from poison.
   It affects your SH (+5).
 r - an uncursed amulet of guardian spirit
 s - an uncursed ring of resist corrosion
 v - a +6 ring of strength
 M - a +6 ring of dexterity
 N - an uncursed ring of willpower
Wands
 m - a wand of flame (78)
 y - a wand of digging (6)
 J - a wand of iceblast (51)
 S - a wand of disintegration (25)
 T - a wand of acid (17)
Scrolls
 c - 11 scrolls of fear
 f - 16 scrolls of remove curse
 g - 19 scrolls of teleportation
 n - 4 scrolls of noise
 p - 18 scrolls of magic mapping
 t - 35 scrolls of identify
 w - 11 scrolls of blinking
 z - 9 scrolls of enchant armour
 B - 2 scrolls of torment
 I - 13 scrolls of immolation
 K - 4 scrolls of silence
 L - 9 scrolls of fog
 U - 3 scrolls of enchant weapon
 Y - 4 scrolls of holy word
 Z - 3 scrolls of summoning
Potions
 d - 8 potions of curing
 h - 9 potions of mutation
 l - 14 potions of lignification
 o - 2 potions of invisibility
 A - 9 potions of haste
 E - 11 potions of attraction
 F - 6 potions of berserk rage
 H - 5 potions of magic
 O - 4 potions of ambrosia
 W - 9 potions of might
 X - 3 potions of cancellation


   Skills:
 O Level 27 Fighting
 - Level 13.4(16.4) Axes
 - Level 17.4(19.2) Maces & Flails
 + Level 22.1 Armour
 + Level 9.7 Dodging
 O Level 27 Shields
 - Level 10.7 Evocations


You had 26 spell levels left.
You didn't know any spells.
Your spell library contained the following spells:

 Spells                   Type           Power        Failure   Level
 Haunt                    Necr/Summ      0%           100%        7
 Borgnjor's Revivificati  Necr           0%           100%        8
 Infestation              Necr           0%           100%        8
 Necromutation            Tmut/Necr      0%           100%        8
 Death's Door             Necr           0%           100%        9


Dungeon Overview and Level Annotations

Branches:
Dungeon (15/15)            Temple (0/1) D:7            Lair (6/6) D:9
 Shoals (4/4) Lair:3        Snake (4/4) Lair:2        Slime (0/5) Lair:6
    Orc (2/2) D:11            Elf (3/3) Orc:2        Vaults (5/5) D:13
  Crypt (0/3) Vaults:2     Depths (5/5) D:15           Hell (visited)
    Zot (5/5) Depths:5
    Dis: Hell:1         Geh: Hell:1         Coc: Hell:1         Tar: Hell:1

Altars:
Cheibriados
Dithmenos
Gozag
Sif Muna
Trog
Wu Jian
Xom
Beogh
Lugonu

Shops:
D:6 *   D:10 !   D:11 =   D:13 }   Orc:2 (:[*   Elf:1 *   Elf:3 }   Snake:1 [
Snake:3 !}*=[   Vaults:4 [   Vaults:5 (   Depths:4 }==   Depths:5 :

Portals:
Hell: Depths:1 Depths:2 Depths:3 Depths:4 Depths:5
Abyss: Depths:3 Depths:4
Pandemonium: Depths:3
Ziggurat: Depths:3
Trove: D:15 (give 14 scrolls of teleportation)

Annotations:
Hell Geryon


Innate Abilities, Weirdness & Mutations

You are resistant to torment.
Your stone body is resilient. (AC +20)
You are immune to poison.
Your large and strong wings let you fly indefinitely.
You resist negative energy. (rN+)
You are resistant to electric shocks. (rElec)
You can survive without breathing.
You are immune to petrification.
You are immune to miasma.
Scrolls take you longer to read.
You are clumsy. (Dex -2)
Your body sometimes deteriorates upon taking damage.
Your magical capacity is very low. (-20% MP)
You sometimes yell uncontrollably at your foes.
You do not regenerate when monsters are visible.
You are occasionally teleported next to monsters.
Your spells are easier to cast, but less powerful.
Your movements are slightly less encumbered by armour. (ER -2)


Message History

The fireball engulfs the orb of fire.
The orb of fire completely resists.
The fireball engulfs the orb of fire.
The orb of fire completely resists.
The orb of fire glows deep purple.
Strange energies course through your body.
You feel better.
Your hearing returns.
The orb of fire emits a lurid red light.
The fireball explodes!
The fireball engulfs you! You resist.
* * * LOW HITPOINT WARNING * * *
The fireball engulfs the orb of fire.
The orb of fire completely resists.
The fireball engulfs the orb of fire.
The orb of fire completely resists.
The orb of fire glows deep purple.
Strange energies course through your body.
Your regeneration stops near monsters.
The orb of fire emits a lurid red light.
The bolt of fire hits you! You resist.
* * * LOW HITPOINT WARNING * * *
The orb of fire glows deep purple.
The fireball explodes!
The fireball engulfs you. You resist.
You die...

####### ......# ......#
###########
......###.........#
...#####..........#
...............#..####
......)........#.....##
...............#@[....#
.......#########..*...#
.......# #*.#...#
######## #.*##### #..#
#..# ##### ##### #..###
##...## ##...###....#
#.....###.....##....#


You could see 3 orbs of fire.

Vanquished Creatures
  2 orbs of fire
  An ancient lich (Vaults:5)
  Sojobo (Depths:1)
  Margery (Vaults:4)
  Bai Suzhen (Depths:1)
  2 curse toes
  Saint Roka (Orc:2)
  9 golden dragons
  Jory (Vaults:4)
  An electric golem (Zot:3)
  Jorgrun (Shoals:2)
  15 tentacled monstrosities
  6 liches
  7 Orb Guardians
  7 titans
  Asterion (D:15)
  8 quicksilver dragons
  A deep elf master archer (Elf:3)
  The ghost of bnns the Severer, an adept DsBe of Trog (Elf:2)
  2 deep elf blademasters (Elf:3)
  A kraken (Shoals:3)
  Polyphemus (Shoals:2)
  6 death cobs
  4 sphinxes
  Donald (Vaults:4)
  8 tengu reavers
  12 storm dragons
  A revenant (Vaults:2)
  8 draconian monks
  Ilsuiw (Shoals:2)
  9 nagarajas (Snake:4)
  15 shadow dragons
  9 draconian knights
  A ghost moth (Zot:5)
  21 vault wardens
  7 deep elf sorcerers
  4 draconian scorchers
  Aizul (Snake:4)
  19 fire giants
  A balrug (Depths:5)
  14 frost giants
  A ghoul (Vaults:2)
  3 draconian shifters
  Louise (D:15)
  2 war gargoyles (Vaults:5)
  3 draconian stormcallers
  12 ironheart preservers
  10 draconian annihilators
  A spriggan defender (Depths:2)
  28 very ugly things
  33 stone giants
  A vampire knight (Depths:5)
  7 deep elf elementalists (Elf:3)
  9 deep elf demonologists
  10 green draconians
  9 yellow draconians
  Azrael (Elf:1)
  9 purple draconians
  14 black draconians
  2 entropy weavers
  9 deep elf annihilators
  12 red draconians
  6 white draconians
  2 merfolk javelineers (Shoals:2)
  3 spark wasps (Depths:2)
  A crystal guardian (Vaults:2)
  15 ettins
  10 deep elf death magi
  6 merfolk impalers
  13 yaktaur captains
  7 fire dragons
  5 deep elf high priests
  4 rakshasas
  Harold (Orc:1)
  7 great orbs of eyes
  7 hydras
  33 vault guards
  12 ice dragons
  21 naga warriors
  9 anacondas
  6 boulder beetles
  6 merfolk aquamancers
  10 centaur warriors
  3 alligator snapping turtles
  3 spriggan air magi (Depths:2)
  A catoblepas (Shoals:2)
  A merfolk avatar (Shoals:2)
  An anaconda (shapeshifter) (Vaults:5)
  25 dancing weapons
  A satyr (shapeshifter) (Depths:4)
  61 two-headed ogres
  A satyr (Shoals:2)
  6 deep troll shamans
  15 ogre magi
  8 death yaks
  9 tengu warriors
  8 deep troll earth magi
  Urug (Orc:2)
  9 shock serpents
  A shock serpent (shapeshifter) (Vaults:2)
  2 thrashing horrors (Abyss:3)
  3 orc high priests
  12 naga sharpshooters
  A storm dragon zombie (Abyss:3)
  3 spriggan berserkers
  26 deep elf knights
  8 hell knights
  A soul eater (Depths:1)
  4 iron trolls
  8 salamander mystics
  3 shadow wraiths
  An unseen horror (shapeshifter) (Depths:3)
  2 skeletal warriors (Vaults:2)
  2 glowing orange brains (shapeshifter)
  25 deep trolls
  18 sea snakes
  A death drake (shapeshifter) (Elf:2)
  5 wizards
  16 deep elf archers
  A tengu zombie (Depths:2)
  A swamp dragon (shapeshifter) (Depths:2)
  A sea snake (shapeshifter) (Vaults:5)
  12 naga ritualists
  2 glowing orange brains
  4 necromancers
  2 unseen horrors
  4 flayed ghosts
  A lindwurm (Lair:5)
  A harpy (shapeshifter) (Vaults:5)
  20 ironbrand convokers
  Pikel (D:4)
  17 harpies
  A phantasmal warrior (Vaults:5)
  A wolf spider zombie (D:15)
  A stone giant zombie (Vaults:2)
  74 deep elf magi
  A tengu skeleton (Vaults:4)
  19 mana vipers
  13 orc knights
  4 wolf spiders
  60 ugly things
  5 oklob plants
  25 salamanders
  10 cyclopes
  25 moths of wrath
  4 fauns
  3 frost giant zombies
  7 orc sorcerers
  2 manticores (shapeshifter)
  A faun (shapeshifter) (Depths:5)
  A moth of wrath (shapeshifter) (Elf:1)
  17 manticores
  5 elephants
  7 centaur zombies
  8 merfolk sirens
  10 guardian serpents
  34 black mambas
  A stone giant skeleton (Depths:2)
  10 vault sentinels
  16 naga magi
  A smoke demon (Depths:1)
  6 water nymphs
  A cane toad (shapeshifter) (Depths:3)
  2 centaur skeletons (D:15)
  29 cane toads
  A yaktaur zombie (Vaults:4)
  A yaktaur (shapeshifter) (Elf:2)
  2 kobold demonologists (Abyss:4)
  2 hellions (Depths:1)
  An orange demon (Abyss:3)
  5 efreet
  16 komodo dragons
  5 rime drakes
  3 freezing wraiths
  A spriggan zombie (Depths:2)
  An anaconda simulacrum (Lair:3)
  A komodo dragon (shapeshifter) (Elf:2)
  A rime drake (shapeshifter) (Vaults:5)
  64 yaktaurs
  A hellwing (Depths:5)
  A yaktaur skeleton (Vaults:4)
  2 human skeletons
  2 wolf spider simulacra (Lair:3)
  38 merfolk
  4 tengu conjurers
  A spriggan skeleton (Depths:2)
  A wind drake (shapeshifter) (Elf:2)
  12 red devils
  A silent spectre (Vaults:4)
  24 trolls
  5 tyrant leeches (Lair:6)
  10 hornets
  2 polar bears
  12 wind drakes
  2 slime creatures (shapeshifter)
  25 blink frogs
  Grinder (D:6)
  30 slime creatures
  12 snapping turtles
  A raiju (Abyss:3)
  24 water elementals
  A tarantella (shapeshifter) (Vaults:2)
  A centaur simulacrum (D:13)
  A spriggan (Depths:2)
  A vampire (D:9)
  2 shadows
  12 wyverns
  4 redbacks
  4 air elementals
  A wyvern (shapeshifter) (Vaults:5)
  58 yaks
  5 wraiths
  8 fire elementals
  7 large abominations
  4 fire bats
  A golden eye (shapeshifter) (Vaults:1)
  7 basilisks
  Eustachio (D:5)
  2 fire bats (shapeshifter)
  3 steam dragons
  A yaktaur simulacrum (Vaults:2)
  12 vampire mosquitoes
  3 neqoxecs
  2 chaos spawn
  A human simulacrum (Vaults:2)
  A deep troll zombie (Vaults:4)
  4 acid dragons
  3 wargs
  2 soldier ants
  74 nagas
  2 soldier ants (shapeshifter)
  9 hell hounds
  25 water moccasins
  2 floating eyes
  An ice beast (Abyss:3)
  56 orc warriors
  3 sky beasts
  5 black bears
  52 ogres
  An eye of draining (shapeshifter) (Elf:2)
  3 eyes of draining
  4 phantoms
  A necrophage (D:8)
  22 wolves
  22 centaurs
  8 boggarts
  A lemure (D:5)
  An elf simulacrum (Vaults:1)
  Blork the orc (Orc:2)
  5 big kobolds
  6 gnoll sergeants
  28 bullfrogs
  5 earth elementals
  2 small abominations
  A wyvern skeleton (D:13)
  6 scorpions
  A lindwurm simulacrum (Lair:3)
  A water moccasin skeleton (D:12)
  An elephant simulacrum (Lair:3)
  7 killer bees
  2 howler monkeys
  5 electric eels
  20 wights
  8 crimson imps
  A lava snake (Orc:1)
  2 bullfrog zombies (D:13)
  Crazy Yiuf (D:7)
  A quasit (D:7)
  7 bullfrog skeletons
  5 hounds
  3 jellies
  21 orc priests
  4 gnoll shamans (D:12)
  38 orc wizards
  11 iguanas
  Ijyb (D:5)
  4 worker ants
  2 hound zombies
  2 hound skeletons (D:4)
  20 gnolls
  A howler monkey skeleton (D:8)
  22 adders
  4 shadow imps
  2 white imps
  2 ufetubi
  3 oozes
  An adder zombie (D:8)
  2 adder skeletons
  4 worms
  A dart slug (D:2)
  5 leopard geckos
  106 orcs
  7 ball pythons
  6 giant cockroaches
  8 goblins
  10 hobgoblins
  10 jackals
  4 quokkas
  5 bats
  6 frilled lizards
  18 kobolds
  A quokka skeleton (D:4)
  2 rats
  2 bushes (D:2)
  A crawling corpse (Vaults:5)
  2 plants (Depths:3)
  3 tentacles (Shoals:3)
2559 creatures vanquished.

Vanquished Creatures (collateral kills)
  A deep elf master archer (Elf:3)
  2 deep elf annihilators (Elf:3)
3 creatures vanquished.

Vanquished Creatures (others)
  A frost giant (Vaults:5)
  An ironheart preserver (Vaults:2)
  A deep elf knight (Vaults:2)
  A shadow wraith (Vaults:4)
  An unseen horror (D:11)
  A necromancer (Depths:4)
  A moth of wrath (Zot:3)
  2 fire elementals (Elf:1)
  2 hell hounds (Depths:1)
  A water moccasin (D:11)
  An ogre (Zot:3)
  A bullfrog (D:11)
  A crimson imp (Depths:1)
  An orc priest (Orc:2)
  A bullfrog skeleton (D:11)
  An orc wizard (Orc:1)
  2 adders (D:11)
  2 orcs
  2 bushes
  2 crawling corpses (Elf:3)
  39 fungi
  214 plants
  10 starspawn tentacles (Abyss:3)
  13 tentacles (Shoals:3)
302 creatures vanquished.

Grand Total: 2864 creatures vanquished

Notes
Turn   | Place    | Note
-------+----------+-------------------------------------------
     0 | D:1      | satrapis the Gargoyle Berserker began the quest for the
                  | Orb.
     0 | D:1      | Reached XP level 1. HP: 14/14 MP: 1/1
   687 | D:1      | Reached XP level 2. HP: 19/19 MP: 2/2
   975 | D:1      | Reached XP level 3. HP: 20/24 MP: 3/3
  1733 | D:1      | Reached ** piety under Trog
  2539 | D:2      | Found a snail-covered altar of Cheibriados.
  2901 | D:2      | Reached XP level 4. HP: 29/29 MP: 4/4
  4386 | D:3      | Found a faded altar of an unknown god.
  4633 | D:3      | Reached XP level 5. HP: 24/34 MP: 5/5
  5808 | D:4      | Reached skill level 5 in Fighting
  6054 | D:4      | Noticed an ogre
  6070 | D:4      | Killed an ogre
  6071 | D:4      | Reached skill level 5 in Maces & Flails
  6071 | D:4      | Reached XP level 6. HP: 40/40 MP: 6/6
  6319 | D:4      | Noticed a phantom
  6371 | D:4      | Killed a phantom
  6569 | D:4      | Reached XP level 7. HP: 45/45 MP: 5/7
  6777 | D:4      | Reached *** piety under Trog
  7787 | D:5      | Entered Level 5 of the Dungeon
  7973 | D:5      | Noticed Ijyb
  7990 | D:5      | Killed Ijyb
  7991 | D:5      | Reached XP level 8. HP: 52/52 MP: 8/8
  8068 | D:5      | Noticed Pikel
  8603 | D:4      | Killed Pikel
  9036 | D:5      | Noticed Eustachio
  9043 | D:5      | Killed Eustachio
  9950 | D:6      | Noticed Grinder
  9965 | D:6      | Reached XP level 9. HP: 60/60 MP: 9/9
  9975 | D:6      | Killed Grinder
 10210 | D:6      | Got a slimy cloak
 10216 | D:6      | Identified the +0 cloak of the Comet {*Drain rN+ Dex+3}
                  | (You found it on level 6 of the Dungeon)
 10850 | D:6      | Found Ibylic's Assorted Antiques.
 11830 | D:7      | Found a staircase to the Ecumenical Temple.
 12214 | D:7      | Found a runed translucent door.
 12215 | D:7      | Noticed Crazy Yiuf
 12889 | D:7      | Reached skill level 5 in Dodging
 13169 | D:7      | Killed Crazy Yiuf
 13673 | D:8      | Noticed a troll
 13688 | D:8      | Killed a troll
 13689 | D:8      | Reached skill level 10 in Fighting
 13689 | D:8      | Reached XP level 10. HP: 68/68 MP: 10/10
 13729 | D:8      | Identified the +11 tower shield "Kaol" {rC+ Will+ Str+4}
 14259 | D:8      | Noticed a cyan ugly thing
 14260 | D:8      | Found a snail-covered altar of Cheibriados.
 14264 | D:8      | Found a shimmering blue altar of Sif Muna.
 14272 | D:8      | Killed a cyan ugly thing
 14276 | D:8      | Found a shimmering altar of Xom.
 14276 | D:8      | Found a snail-covered altar of Cheibriados.
 14306 | D:8      | Reached skill level 10 in Maces & Flails
 14353 | D:8      | Killed an unseen horror
 14452 | D:8      | Reached **** piety under Trog
 15145 | D:8      | Noticed a manticore
 15159 | D:8      | Killed a manticore
 15623 | D:9      | Found an opulent altar of Gozag.
 15676 | D:9      | Reached skill level 1 in Shields
 15676 | D:9      | Reached XP level 11. HP: 62/75 MP: 11/11
 16203 | D:9      | Found a staircase to the Lair.
 16996 | D:10     | Entered Level 10 of the Dungeon
 18034 | D:10     | Reached ***** piety under Trog
 19407 | D:10     | Found Gykhop's Distillery.
 19625 | D:11     | Killed an unseen horror
 19988 | D:11     | Found a shimmering altar of Xom.
 20014 | D:11     | Noticed a purple ugly thing
 20014 | D:11     | Noticed a cyan ugly thing
 20022 | D:11     | Killed a white ugly thing
 20029 | D:11     | Killed a purple ugly thing
 20265 | D:11     | Reached XP level 12. HP: 84/84 MP: 4/12
 20517 | D:11     | Noticed a two-headed ogre
 20522 | D:11     | Killed a two-headed ogre
 20989 | D:11     | You fall into a shaft and drop 2 floors!
 20989 | D:13     | Noticed a centaur warrior
 21006 | D:13     | Reached skill level 5 in Shields
 21754 | D:11     | Found Meon's Jewellery Emporium.
 21793 | D:11     | Found a staircase to the Orcish Mines.
 21838 | D:11     | Received a gift from Trog
 22287 | D:12     | Noticed a two-headed ogre
 22292 | D:12     | Killed a two-headed ogre
 24289 | D:13     | Found Raunic's Gadget Boutique.
 24512 | D:13     | Killed a centaur warrior
 24721 | D:13     | Reached XP level 13. HP: 89/91 MP: 13/13
 25405 | D:13     | Received a gift from Trog
 25408 | D:13     | Noticed an ironheart preserver
 25409 | D:13     | Reached skill level 15 in Fighting
 25466 | D:13     | Killed an ironheart preserver
 25645 | D:13     | Found a gate to the Vaults.
 27404 | D:14     | Gained mutation: Your large and strong wings let you fly
                  | indefinitely. [Gargoyle growth]
 27404 | D:14     | Reached XP level 14. HP: 99/99 MP: 14/14
 27632 | D:15     | Entered Level 15 of the Dungeon
 27728 | D:15     | Noticed Louise
 27882 | D:15     | Killed Louise
 27993 | D:15     | Reached skill level 15 in Maces & Flails
 28639 | D:15     | Found a portal to a secret trove of treasure.
 29670 | D:15     | Found a staircase to the Depths.
 30108 | Lair:1   | Entered Level 1 of the Lair of Beasts
 30176 | Lair:1   | Received a gift from Trog
 30283 | Lair:1   | Found the +8 longbow "Zephyr" {speed, Dex+3 SInv}
 30784 | Lair:1   | Reached skill level 10 in Shields
 30809 | Lair:1   | Found an ornate altar of the Wu Jian Council.
 31783 | Lair:2   | Reached XP level 15. HP: 107/107 MP: 15/15
 32023 | Lair:2   | Found a staircase to the Snake Pit.
 32132 | Lair:2   | Received a gift from Trog
 32633 | Lair:3   | Found a transporter.
 33462 | Lair:3   | Found a transporter.
 33579 | Lair:3   | Found a staircase to the Shoals.
 34798 | Lair:4   | Received a gift from Trog
 36899 | Lair:6   | Entered Level 6 of the Lair of Beasts
 37588 | Lair:6   | Found a staircase to the Slime Pits.
 37619 | Lair:5   | Reached XP level 16. HP: 82/116 MP: 16/16
 37783 | Lair:6   | Reached ****** piety under Trog
 37783 | Lair:6   | Received a gift from Trog
 39929 | Orc:1    | Entered Level 1 of the Orcish Mines
 40601 | Orc:2    | Entered Level 2 of the Orcish Mines
 40898 | Orc:2    | Noticed Blork the orc
 40912 | Orc:2    | Killed Blork the orc
 40947 | Orc:2    | Gained mutation: You are clumsy. (Dex -2) [a neqoxec]
 41648 | Orc:2    | Received a gift from Trog
 41923 | Orc:2    | Noticed Saint Roka
 41941 | Orc:2    | Killed Saint Roka
 42020 | Orc:2    | Noticed Urug
 42060 | Orc:2    | Killed Urug
 42233 | Orc:2    | Found a roughly hewn altar of Beogh.
 42252 | Orc:2    | Found Ustocw's Antique Weapon Shoppe.
 42455 | Orc:2    | Found Poofarur's General Store.
 42597 | Orc:2    | Found Riakyna's Antique Armour Shoppe.
 42645 | Orc:2    | Bought a scroll of identify for 28 gold pieces
 42778 | Orc:2    | Found Gaykuaw's Book Shoppe.
 42922 | Orc:2    | Found a staircase to the Elven Halls.
 43005 | Orc:2    | Bought a pair of embroidered boots for 240 gold pieces
 43146 | D:6      | Bought a brightly glowing crystal plate armour for 2040
                  | gold pieces
 43146 | D:6      | Bought a twisted bone amulet for 120 gold pieces
 43146 | D:6      | Bought a scroll of teleportation for 72 gold pieces
 43146 | D:6      | Bought a scroll of identify for 48 gold pieces
 43146 | D:6      | Bought a scroll of identify for 48 gold pieces
 43159 | D:6      | Identified the +5 crystal plate armour of Lies {SInv} (You
                  | bought it in a shop on level 6 of the Dungeon)
 43491 | Orc:1    | Noticed Harold
 43511 | Orc:1    | Killed Harold
 44149 | Elf:1    | Entered Level 1 of the Elven Halls
 44411 | Elf:1    | Found Lasiuf's Assorted Antiques.
 44828 | Snake:1  | Entered Level 1 of the Snake Pit
 45033 | Snake:1  | Reached skill level 5 in Armour
 45154 | Snake:1  | Found Usydusei's Armour Emporium.
 45222 | Snake:1  | Reached XP level 17. HP: 122/122 MP: 17/17
 45266 | Snake:1  | Received a gift from Trog
 47875 | Snake:3  | Found Biugyxt's Gadget Emporium.
 47895 | Snake:3  | Received a gift from Trog
 48269 | Snake:3  | Got a warped eveningstar {god gift}
 48270 | Snake:3  | Identified the +7 eveningstar of the Lumpy Mystics {vorpal,
                  | rF- Will+ Int+3} (Trog gifted it to you on level 3 of the
                  | Snake Pit)
 48444 | Snake:3  | Found Nyoheop's Distillery.
 48689 | Snake:3  | Found Bavousche's Jewellery Shoppe.
 48691 | Snake:3  | Identified the +10 long sword of Anin {freeze, +Fly Stlth+}
 48767 | Snake:3  | Found Haddipyrgh's General Store.
 48856 | Snake:3  | Found Omanaf's Armour Emporium.
 49170 | Snake:4  | Entered Level 4 of the Snake Pit
 49189 | Snake:4  | Reached XP level 18. HP: 131/131 MP: 18/18
 49349 | Snake:4  | Noticed Aizul
 49366 | Snake:4  | Killed Aizul
 49544 | Snake:4  | Reached skill level 15 in Shields
 49634 | Snake:4  | Reached skill level 10 in Armour
 49649 | Snake:4  | Received a gift from Trog
 50901 | Snake:4  | Got a serpentine rune of Zot
 51771 | Shoals:1 | Entered Level 1 of the Shoals
 52364 | Shoals:1 | Reached XP level 19. HP: 137/137 MP: 19/19
 52803 | Shoals:2 | Noticed Ilsuiw
 52860 | Shoals:2 | Noticed Jorgrun
 52863 | Shoals:2 | Noticed Polyphemus
 52924 | Shoals:2 | Killed Jorgrun
 53212 | Shoals:2 | Killed Ilsuiw
 53410 | Shoals:2 | Received a gift from Trog
 53420 | Shoals:2 | Got a dazzling eveningstar {god gift}
 53421 | Shoals:2 | Identified the +13 eveningstar of the Salmon {vorpal, rF+
                  | Int-5 Dex+4 SInv} (Trog gifted it to you on level 2 of the
                  | Shoals)
 53459 | Shoals:2 | Killed Polyphemus
 54026 | Shoals:2 | Identified a scroll of acquirement
 55056 | Shoals:3 | Identified the +2 leather armour of Kumeammi {*Drain rF+
                  | Dex+3 SInv}
 56223 | Shoals:4 | Entered Level 4 of the Shoals
 56566 | Shoals:4 | Got a polished chain mail
 56579 | Shoals:4 | Identified the +8 chain mail of the Sun {+Blink Str+6
                  | Dex-2} (You found it on level 4 of the Shoals)
 56774 | Shoals:4 | Reached skill level 1 in Evocations
 57018 | Shoals:4 | Got a barnacled rune of Zot
 57641 | Shoals:4 | Got a bloodstained chain mail
 57679 | Shoals:4 | Identified the +10 chain mail of the Serpent {Stlth+} (You
                  | found it on level 4 of the Shoals)
 58274 | Vaults:1 | Entered Level 1 of the Vaults
 58465 | Vaults:1 | Reached XP level 20. HP: 145/145 MP: 20/20
 58528 | Vaults:1 | Reached skill level 5 in Evocations
 58999 | Vaults:1 | Received a gift from Trog
 60213 | Vaults:2 | Received a gift from Trog
 60757 | Vaults:2 | Found a flickering gateway to a bazaar.
 60767 | Bazaar   | Entered a bazaar
 60767 | Bazaar   | Found Kumef's Weapon Emporium.
 60767 | Bazaar   | Found Quxtiral's Armour Boutique.
 60776 | Bazaar   | Found Dezog's Jewellery Shop.
 60825 | Bazaar   | Found Ximot's Magic Scroll Shop.
 60835 | Bazaar   | Found Kurchyske's Gadget Boutique.
 60837 | Bazaar   | Bought 3 scrolls of magic mapping for 105 gold pieces
 60837 | Bazaar   | Bought a scroll of magic mapping for 35 gold pieces
 60837 | Bazaar   | Bought 2 scrolls of teleportation for 60 gold pieces
 60837 | Bazaar   | Bought a scroll of identify for 20 gold pieces
 60837 | Bazaar   | Bought a scroll of teleportation for 30 gold pieces
 60837 | Bazaar   | Bought a scroll of identify for 20 gold pieces
 60921 | Vaults:2 | Received a gift from Trog
 61002 | Vaults:2 | Got an ancient dire flail {god gift}
 61016 | Vaults:2 | Identified the +4 dire flail of Death {vorpal, +Fly rElec}
                  | (Trog gifted it to you on level 2 of the Vaults)
 61204 | Vaults:2 | Reached XP level 21. HP: 137/153 MP: 18/21
 61359 | Vaults:2 | Found a staircase to the Crypt.
 62583 | Vaults:3 | Reached skill level 10 in Evocations
 62583 | Vaults:3 | Received a gift from Trog
 62967 | Vaults:3 | Received a gift from Trog
 64037 | Vaults:3 | Cast into level 3 of the Abyss (vault warden)
 64183 | Abyss:3  | Received a gift from Trog
 64212 | Abyss:3  | Found a snail-covered altar of Cheibriados.
 64226 | Abyss:3  | Gained mutation: You occasionally shout uncontrollably at
                  | your foes. [a neqoxec]
 64249 | Abyss:4  | Found a corrupted altar of Lugonu.
 64294 | Abyss:4  | Gained mutation: Your movements are slightly less
                  | encumbered by armour. (ER -2) [a neqoxec]
 64309 | Vaults:3 | Escaped the Abyss
 64319 | Vaults:3 | Reached XP level 22. HP: 149/163 MP: 19/22
 65440 | Vaults:4 | Noticed Jory
 65873 | Vaults:4 | Killed Jory
 66189 | Vaults:4 | Found a transporter.
 66203 | Vaults:4 | Found a transporter.
 66203 | Vaults:4 | Found a runed translucent door.
 66203 | Vaults:4 | Found a bloodstained altar of Trog.
 66708 | Vaults:4 | Got a translucent chain mail
 67070 | Vaults:4 | Noticed Margery
 67089 | Vaults:4 | Noticed Donald
 67095 | Vaults:4 | Killed Margery
 67095 | Vaults:4 | Received a gift from Trog
 67103 | Vaults:4 | Killed Donald
 67121 | Vaults:4 | Reached skill level 15 in Armour
 67478 | Vaults:4 | Got a twisted flail {god gift}
 67767 | Vaults:4 | Found Vuzoss's Armour Emporium.
 68029 | Vaults:4 | Got a slimy executioner's axe
 68321 | Vaults:2 | Reached skill level 1 in Axes
 68548 | Depths:1 | Entered Level 1 of the Depths
 68548 | Depths:1 | Noticed Asterion
 68576 | D:15     | Killed Asterion
 68903 | Depths:1 | Reached skill level 5 in Axes
 69151 | Depths:1 | Found a runed translucent door.
 69167 | Depths:1 | Received a gift from Trog
 69564 | Depths:1 | Reached XP level 23. HP: 139/168 MP: 20/23
 69654 | Depths:1 | Reached skill level 10 in Axes
 69745 | Depths:1 | Found a shadowy altar of Dithmenos.
 69802 | Depths:1 | Noticed Sojobo
 69819 | Depths:1 | Killed Sojobo
 70370 | Depths:1 | Noticed Bai Suzhen
 70388 | Depths:1 | Killed Bai Suzhen
 70900 | Depths:1 | Found a gateway to Hell.
 72406 | Depths:2 | Identified the cursed +0 chain mail of the Black Skies
                  | {rElec Str+2} (You found it on level 4 of the Vaults)
 72422 | Depths:2 | Identified the +3 flail of Trog's Wrath {flame, rN+ Int+10
                  | Dex-4} (Trog gifted it to you on level 4 of the Vaults)
 73690 | Depths:2 | Got a shimmering amber ring
 74066 | Hell     | Entered the Vestibule of Hell
 74066 | Hell     | Noticed Geryon
 74522 | Depths:3 | Found a corrupted altar of Lugonu.
 74523 | Depths:3 | Found a one-way gate to the infinite horrors of the Abyss.
 74950 | Depths:3 | Noticed a golden dragon
 74964 | Depths:3 | Killed a golden dragon
 74977 | Depths:3 | Received a gift from Trog
 75174 | Depths:3 | Reached XP level 24. HP: 176/176 MP: 23/23
 75210 | Depths:3 | Found a gateway to a ziggurat.
 75487 | Depths:3 | Found a one-way gate leading to the halls of Pandemonium.
 76243 | Depths:4 | Found Cukeug's Gadget Emporium.
 76243 | Depths:4 | Found Losedgh's Jewellery Boutique.
 76244 | Depths:4 | Found Fima Ubb's Jewellery Boutique.
 77375 | Depths:4 | Received a gift from Trog
 78594 | Depths:5 | Entered Level 5 of the Depths
 78865 | Depths:5 | Found Ywomot's Book Shoppe.
 79617 | Depths:5 | Found a gate to the Realm of Zot.
 80782 | Elf:1    | Noticed Azrael
 80797 | Elf:1    | Killed Azrael
 80804 | Elf:1    | Received a gift from Trog
 80946 | Elf:1    | Reached XP level 25. HP: 184/184 MP: 23/23
 81714 | Elf:1    | Got a slimy flail {god gift}
 81715 | Elf:1    | Identified the +9 flail "Dusashre" {vorpal, rElec Str+4
                  | Int-3 Dex+6} (Trog gifted it to you on level 1 of the Elven
                  | Halls)
 81952 | Elf:2    | Found a transporter.
 82033 | Elf:2    | Found a runed translucent gate.
 82034 | Elf:2    | Found a runed translucent gate.
 82043 | Elf:2    | Found a runed translucent gate.
 82166 | Elf:2    | Received a gift from Trog
 82175 | Elf:2    | Got a pitted morningstar {god gift}
 82176 | Elf:2    | Identified the +6 morningstar "Ruiwiet" {vorpal, rElec
                  | Str+3 Int-5} (Trog gifted it to you on level 2 of the Elven
                  | Halls)
 82987 | Elf:2    | Noticed bnns's ghost (adept DsBe)
 83004 | Elf:2    | Found a transporter.
 83339 | Elf:2    | Paralysed by a floating eye for 3 turns
 83350 | Elf:2    | Paralysed by a floating eye for 4 turns
 83357 | Elf:2    | Paralysed by a floating eye for 3 turns
 83399 | Elf:2    | Killed bnns's ghost
 83618 | Elf:2    | Got a pair of heavily runed gloves
 83629 | Elf:2    | Identified the cursed +0 pair of gloves of the Forest
                  | {Rampage *Drain rCorr Int+3} (You found it on level 2 of
                  | the Elven Halls)
 83749 | Elf:3    | Entered Level 3 of the Elven Halls
 83762 | Elf:2    | Identified the ring "Giclosaas" {rC++ SInv Stlth+} (You
                  | found it on level 2 of the Depths)
 83894 | Elf:3    | Found the +5 robe of Misfortune {*Contam Harm *Corrode
                  | *Drain *Slow EV+5}
 84408 | Elf:3    | Received a gift from Trog
 84486 | Elf:3    | Found Yhoste Qavi's Gadget Emporium.
 85437 | Elf:3    | Received a gift from Trog
 85565 | Elf:3    | Got a dazzling ring mail
 85571 | Elf:3    | Got a faintly glowing broad axe
 85577 | Elf:3    | Identified the +1 broad axe of the Doomed Warrior {vorpal,
                  | rC+ Str+5} (You found it on level 3 of the Elven Halls)
 85589 | Elf:3    | Identified the cursed +0 ring mail of Truth {Rampage Int+4
                  | SInv} (You found it on level 3 of the Elven Halls)
 85656 | Elf:3    | Got a bloodstained hand axe
 85657 | Elf:3    | Identified the +3 hand axe of Abomination {flame, rC+ Will+
                  | Int-3 SInv} (You found it on level 3 of the Elven Halls)
 85661 | Elf:3    | Got a scorched marble ring
 85920 | Elf:3    | Got a fine morningstar {god gift}
 85924 | Elf:3    | Identified the +6 morningstar of Rekhiseitico {vorpal, rC+
                  | Int+4} (Trog gifted it to you on level 3 of the Elven
                  | Halls)
 86422 | Vaults:5 | Entered Level 5 of the Vaults
 86520 | Vaults:5 | Reached XP level 26. HP: 192/192 MP: 23/23
 86538 | Vaults:5 | Noticed an ancient lich
 86555 | Vaults:5 | Killed an ancient lich
 86718 | Vaults:5 | Got a brightly glowing iron ring
 86956 | Vaults:5 | Reached skill level 27 in Fighting
 87113 | Vaults:5 | Identified the +1 leather armour of Afay {Int+4}
 87540 | Vaults:5 | Identified the Grimoire of Moulding
 87542 | Vaults:5 | Got a silver rune of Zot
 87770 | Vaults:5 | Identified the cursed +1 scythe of Kismet {antimagic, rC+
                  | Str+3 Int+4}
 87770 | Vaults:5 | Identified the amulet of Pantheism {Reflect rElec rPois
                  | Str-3 Dex+3 SH+5}
 87857 | Vaults:5 | Identified the ring "Sounauto" {Wiz +Fly rPois rC+} (You
                  | found it on level 3 of the Elven Halls)
 87860 | Vaults:5 | Identified the ring of Jyppuhae {rElec rPois} (You found it
                  | on level 5 of the Vaults)
 88077 | Vaults:5 | Received a gift from Trog
 88172 | Vaults:5 | Identified the cursed +1 scale mail of Pedeut {+Blink rC-
                  | Will++ Int-3}
 88712 | Vaults:5 | Reached XP level 27. HP: 186/197 MP: 22/23
 88994 | Vaults:5 | Found Engimob's Weapon Shop.
 89135 | Vaults:5 | Acquired 609 gold pieces
 89141 | Vaults:5 | Acquired 423 gold pieces
 89145 | Vaults:5 | Acquired 763 gold pieces
 89149 | Vaults:5 | Acquired 1293 gold pieces
 89675 | Zot:1    | Entered Level 1 of the Realm of Zot
 90092 | Zot:1    | Received a gift from Trog
 93250 | Zot:3    | Received a gift from Trog
 93916 | Zot:3    | Noticed an orb of fire
 93924 | Zot:3    | Gained mutation: Scrolls take you a little longer to read.
                  | [an orb of fire]
 93936 | Zot:3    | Killed an orb of fire
 95269 | Zot:3    | Received a gift from Trog
 97474 | Zot:4    | Noticed an orb of fire
 97478 | Zot:4    | Gained mutation: Your spells are a little easier to cast,
                  | but a little less powerful. [an orb of fire]
 97482 | Zot:4    | Gained mutation: You are very clumsy. (Dex -4) [an orb of
                  | fire]
 97484 | Zot:4    | Killed an orb of fire
 97680 | Zot:4    | Received a gift from Trog
 98191 | Depths:4 | Bought an uncursed ring of fire for 625 gold pieces
 98378 | Zot:5    | Entered Level 5 of the Realm of Zot
 99196 | Zot:5    | Reached skill level 27 in Shields
 99639 | Zot:5    | Noticed an orb of fire
 99644 | Zot:5    | Noticed an orb of fire
 99644 | Zot:5    | Noticed an orb of fire
 99647 | Zot:5    | Gained mutation: Your spells are easier to cast, but less
                  | powerful. [an orb of fire]
 99651 | Zot:5    | Noticed an orb of fire
 99651 | Zot:5    | Noticed an orb of fire
 99651 | Zot:5    | Noticed an orb of fire
 99651 | Zot:5    | Lost mutation: You are very clumsy. (Dex -4) [an orb of
                  | fire]
 99662 | Zot:5    | Noticed an ancient lich
 99666 | Zot:4    | Gained mutation: Scrolls take you longer to read. [an orb
                  | of fire]
 99667 | Zot:4    | Gained mutation: Your magical capacity is low. (-10% MP)
                  | [an orb of fire]
 99671 | Zot:4    | Gained mutation: Your body sometimes deteriorates upon
                  | taking damage. [an orb of fire]
 99671 | Zot:4    | Gained mutation: You are occasionally teleported next to
                  | monsters. [an orb of fire]
 99676 | Zot:4    | Gained mutation: Your magical capacity is very low. (-20%
                  | MP) [an orb of fire]
 99676 | Zot:4    | Gained mutation: You sometimes yell uncontrollably at your
                  | foes. [an orb of fire]
 99689 | Zot:4    | Gained mutation: You do not regenerate when monsters are
                  | visible. [an orb of fire]
 99689 | Zot:4    | HP: 6/199 [orb of fire/bolt of fire (10)]
 99689 | Zot:4    | Killed from afar by an orb of fire

Illustrated notes

Levels and vault maps discovered:
D:1:      dpeg_arrival_castle, layout_basic
D:2:      layout_loops_ring, kennysheep_slug_shrine, serial_forest,
          infiniplex_forest_straight_2, infiniplex_forest_diagonal,
          infiniplex_forest_clump_diagonal, infiniplex_forest_clump_cross,
          infiniplex_forest_diagonal, infiniplex_forest_lined_4_way,
          infiniplex_forest_lined_3, infiniplex_forest_clump_long
D:3:      layout_loops_ring, chequers_ecumenical_altar_island
D:4:      minmay_razor_zed, layout_cave_pools
D:5:      layout_layer_cave, uniq_pikel, uniq_eustachio, uniq_ijyb
D:6:      layout_cave_pods, serial_shops, shop, uniq_grinder
D:7:      layout_gridville, minmay_temple_entry_from_below_a,
          uniq_crazy_yiuf_cottage
D:8:      minmay_the_grid_octo_tiled_octocenter [minmay_the_grid_octo_77,
          minmay_the_grid_octo_shrine, minmay_the_grid_octo_checkered,
          minmay_the_grid_octo_odd_swirl,
          minmay_the_grid_octo_prize_square_snowflake,
          minmay_the_grid_square_5x5_two_small,
          minmay_the_grid_square_5x5_n_small, minmay_the_grid_square_5x5_comb,
          minmay_the_grid_square_5x5_checkered_statues], layout_loops_cross
D:9:      layout_small_grid, minmay_lair_entry_grove, grunt_gozag_statues
D:10:     layout_long_grid, serial_shops, nicolae_shop_behind_doors
D:11:     layout_loops_corners, kennysheep_orc_monster_closet_entryway,
          gauntlet_entry_generic, serial_shops, shop, xom_confusion_cloud
D:12:     kennysheep_seaside_town, layout_basic
D:13:     layout_small_grid, skrybe_vaults_entry_preservation, serial_shops,
          nicolae_shop_waterfront
D:14:     layout_rooms, roderic_lattice_a
D:15:     grunt_enter_depths_magical_seal, layout_irregular_city, enter_trove_5,
          minmay_joined_circles, uniq_louise
Lair:1:   beast_lair_carwin_large_2, layout_cave_pods, basic_altar,
          minmay_lair_oklob_chamber
Lair:2:   layout_hall_layers, minmay_snake_entry_six_corridors,
          lemuel_fruit_tree
Lair:3:   gammafunk_cloud_chamber, layout_small_grid,
          minmay_shoals_entry_beasts, gammafunk_lair_bear_cave
Lair:4:   layout_layer_cave, grunt_forest_small_clearing_treed
Lair:5:   layout_cave_pods
Lair:6:   minmay_lair_end_frog_pond, layout_gridlike,
          minmay_slime_entry_oklob_open
Shoals:1: layout_shoals
Shoals:2: layout_shoals, nicolae_shoals_drake_roost, uniq_jorgrun, uniq_ilsuiw,
          uniq_polyphemus
Shoals:3: layout_shoals, nicolae_shoals_wave_tunnel
Shoals:4: shoals_end_simple, layout_shoals
Snake:1:  layout_gridlike, nicolae_snake_springs, minmay_shop_star
Snake:2:  layout_cave_pods, serial_bayou_shore_a, grunt_megastairs_5
Snake:3:  layout_grid_maze, serial_shops, nicolae_shop_crystal,
          nicolae_shop_statue_plus, shop, shop, shop, grunt_megastairs_3
Snake:4:  johnstein_snake_rune_scales, layout_grid_shapes, st_stairs_11,
          serial_bayou_lagoon_b, uniq_aizul
Orc:1:    layout_caves, nicolae_orc_lava_tube, uniq_harold
Orc:2:    grunt_orc_cross, layout_diamond_mine
Elf:1:    layout_geoelf_grid, serial_shops, shop_fountains,
          hangedman_corner_corridor, uniq_azrael
Elf:2:    layout_loops_cross, gammafunk_ghost_berserking_beasts,
          patterned_corridor
Elf:3:    grunt_elf_hall_asides, layout_loops_cross, serial_glass,
          glass_columns_a, glass_columns_b, serial_shops, shop
Vaults:1: grunt_vaults_trifunnel, v_misc_5, ontoclasm_vaults_shuriken,
          ontoclasm_vaults_spin, v_misc_15, v_misc_10, grunt_vaults_bifocal,
          hangedman_vaults_nails, nicolae_vaults_little_squares_3,
          nicolae_vaults_twisting_passages, ontoclasm_vaults_claustrophobia,
          nicolae_vaults_little_squares_4, layout_vaults_big_cross
Vaults:2: v_rooms_5, v_rooms_1, v_misc_11, hangedman_vaults_unwind,
          vaults_mumra_minichess_inversion, vaults_dpeg_ring,
          nicolae_vaults_network_quinsquares
          [nicolae_vaults_network_quincunx_subvault,
          nicolae_vaults_network_quincunx_subvault,
          nicolae_vaults_network_quincunx_subvault,
          nicolae_vaults_network_quincunx_subvault], ontoclasm_vaults_hangar,
          minmay_crypt_entry_simple_box, layout_vaults_big_room, serial_shops,
          bzr_entry_gold
Vaults:3: ontoclasm_vaults_bender, hangedman_vaults_nails,
          nicolae_vaults_what_the_h, hangedman_vaults_corner,
          nicolae_vaults_little_squares_4, nicolae_vaults_alarming,
          nicolae_vaults_theta, hangedman_vaults_impose, layout_vaults_quadrants
Vaults:4: emtedronai_trogs_sanctum, vaults_dpeg_diagonal,
          nicolae_vaults_network_square, v_misc_15,
          nicolae_vaults_circle_grid_b, vaults_room_hallway, vaults_room_pools,
          v_alt_pattern_2, dpeg_vaults_monster_row, layout_vaults_omnibox,
          serial_shops, shop, uniq_jory, uniq_margery, uniq_saint_roka,
          uniq_donald
Vaults:5
Depths:1: layout_gridville, old_standard_altar, hellmouth_2,
          kennysheep_treasure_room, serial_bayou_shore_b,
          infiniplex_staircase_pool_lava, uniq_bai_suzhen, uniq_sojobo,
          uniq_asterion
Depths:2: minmay_swirls_squares, layout_cave_shapes, hangedman_coc_ice_floe,
          infiniplex_staircase_pool_2
Depths:3: kennysheep_blocky_room, layout_gridlike, enter_ziggurat_e,
          abyss_entry_flame_altar, pf_vacation_house_of_asmodeus, pan_entry,
          kennysheep_crisscross, minmay_misc_feat_doors
Depths:4: minmay_polygon_palace, layout_basic, hell_entry, abyss_entry,
          chequers_big_river, infiniplex_staircase_spiral_double,
          serial_bayou_shore_b, minmay_shop_grove
Depths:5: evilmike_zot_entry_round, layout_basic, fountainhead, serial_shops,
          nicolae_shop_behind_doors, hellmouth_3
Hell
Zot:1:    layout_gridlike
Zot:2:    layout_misc_corridors
Zot:3:    lemuel_halls_of_wrath, layout_misc_corridors
Zot:4:    kennysheep_six_static_rooms, layout_misc_corridors,
          hangedman_zot_decor_scrapings, lemuel_lake_of_fire
Zot:5:    layout_misc_corridors

Skill      XL: |  1  2  3  4  5  6  7  8  9 10 11 12 13 14 15 16 17 18 19 20 21 22 23 24 25 26 27 |
---------------+----------------------------------------------------------------------------------+-----
Fighting       | 4 5 6 8 10 11 13 14 15 17 18 19 20 21 22 23 24 25 26 27 | 27.0
Dodging        | 2 3 4 5 6 9 |  9.7
Maces & Flails | 4 5 6 7 9 10 12 13 14 16 17 | 17.4
Shields        | 1 4 6 8 10 11 13 14 16 17 18 19 20 21 22 27 | 27.0
Armour         | 5 9 11 13 15 17 18 20 22 | 22.1
Evocations     | 4 9 10 | 10.7
Axes           | 9 13 | 13.4

Action                   |  1- 3 |  4- 6 |  7- 9 | 10-12 | 13-15 | 16-18 | 19-21 | 22-24 | 25-27 || total
-------------------------+-------+-------+-------+-------+-------+-------+-------+-------+-------++-------
Melee: Mace              |    80 |   303 |   154 |   550 |       |       |       |       |       ||  1087
       Whip              |       |       |   142 |       |       |       |       |       |       ||   142
       Flail             |       |       |   127 |   211 |       |       |       |       |       ||   338
       Demon whip        |       |       |       |   319 |  1141 |  1752 |       |       |     9 ||  3221
       Eveningstar       |       |       |       |       |       |    73 |  1545 |  1638 |  2134 ||  5390
       Morningstar       |       |       |       |       |       |       |       |       |   167 ||   167
Invok: Berserk           |     8 |     8 |    18 |    26 |    24 |    14 |     7 |     6 |     4 ||   115
       Trog's Hand       |       |       |     8 |     7 |     5 |     8 |     5 |     4 |     8 ||    45
       Brothers in Arms  |       |       |       |       |       |       |       |       |     2 ||     2
 Abil: Fly               |       |       |       |       |       |     1 |     3 |     4 |     1 ||     9
       Stop Flying       |       |       |       |       |       |     1 |     3 |     4 |     1 ||     9
       Evoke Blink       |       |       |       |       |       |       |     1 |       |       ||     1
  Use: Scroll            |       |       |     6 |     9 |     9 |    15 |     8 |     6 |    14 ||    67
       Potion            |       |       |     2 |     3 |       |       |       |     1 |    25 ||    31
 Stab: Petrified         |       |       |       |       |       |       |     5 |       |       ||     5
       Distracted        |       |       |       |       |       |       |       |     1 |       ||     1
Armor: Animal skin       |     9 |       |       |       |       |       |       |       |       ||     9
       Skin              |    27 |    22 |       |       |       |       |       |       |       ||    49
       Scale mail        |       |    30 |   216 |       |       |       |       |       |       ||   246
       Plate armour      |       |       |    28 |   378 |   285 |   101 |       |       |       ||   792
       Crystal plate arm |       |       |       |       |       |   374 |   369 |   599 |   862 ||  2204
       Chain mail        |       |       |       |       |       |       |   100 |       |       ||   100
Dodge: Dodged            |    84 |   107 |   230 |   115 |   138 |   150 |   194 |   240 |   331 ||  1589
Block: Tower shield      |       |       |       |   938 |  1403 |  2429 |  2340 |  2136 |  3240 || 12486
       Reflection        |       |       |       |       |       |       |       |       |    28 ||    28
